 Dungeon Crawl Stone Soup version 0.31-a0-176-g91f28db67f (webtiles) character file.

Game seed: 13277617349472040545

1839 qw the Skirmisher (level 9, -1/82 HPs)
             Began as a Naga Hunter on June 17, 2023.
             Slain by a manticore (8 damage)
             ... on level 7 of the Dungeon.
             The game lasted 00:01:45 (4604 turns).

qw the Skirmisher (Naga Hunter)                     Turns: 4604, Time: 00:01:45

Health: -1/82      AC:  7    Str: 13    XL:     9   Next: 11%
Magic:  0/9        EV: 11    Int: 11    God:
Gold:   243        SH:  0    Dex: 18    Spells: 8/8 levels left

rFire   . . .        f - +1 shortbow (heavy)
rCold   + . .        (shield currently unavailable)
rNeg    . . .        h - +0 robe {Will+}
rPois   +            j - +2 hat
rElec   .            (no cloak)
rCorr   .            b - +0 pair of gloves
SInv    +            (no barding)
Will    ++...        e - amulet of guardian spirit
Stlth   ++           i - ring of protection from cold
HPRegen 0.33/turn    (no ring)
MPRegen 0.11/turn

%: guardian spirit
@: about to teleport, short of breath, very slow
A: AC +3, large, see invisible, deformed body, poison resistance, slowness 2,
spit poison 1, naga tail 1
a: Spit Poison


You were on level 7 of the Dungeon.
You visited 2 branches of the dungeon, and saw 8 of its levels.

You collected 243 gold pieces.


Innate Abilities, Weirdness & Mutations

Your serpentine skin is tough. (AC +3)
You have supernaturally acute eyesight. (SInv)
Armour fits poorly on your strangely shaped body.
Your system is resistant to poisons. (rPois)
You cover ground very slowly.
You can spit poison.
You have a snake-like lower body.


   Skills:
 - Level 6.1 Fighting
 + Level 9.3 Ranged Weapons
 - Level 3.1 Dodging
 - Level 1.5 Stealth


You had 8 spell levels left.
You didn't know any spells.
Your spell library was empty.

Inventory:

Hand Weapons
 f - a +1 heavy shortbow (weapon)
Armour
 b - a +0 pair of gloves (worn)
 c - a +0 leather armour
 h - a +0 robe of willpower (worn)
 j - a +2 hat (worn)
Jewellery
 e - an amulet of guardian spirit (around neck)
 i - a ring of protection from cold (left hand)
 k - a ring of positive energy
Scrolls
 g - 9 scrolls of identify
Potions
 d - 5 potions of enlightenment

Dungeon Overview and Level Annotations

Branches:
Dungeon (7/15)             Temple (1/1) D:5

Altars:
Cheibriados
Dithmenos
Elyvilon
Fedhas
Gozag
Hepliaklqana
Kikubaaqudgha
Makhleb
Ru
Trog
Vehumet
Wu Jian
Yredelemnul
The Shining One
Lugonu

Annotations:
D:4 1 runed translucent door, qw's ghost, amateur NaHu


Message History

The centaur kicks you but does no damage.
You shoot an arrow.
The arrow completely misses the centaur.
The arrow hits the manticore.
The manticore is moderately wounded.
The centaur hits you but does no damage.
The centaur misses you. The centaur hits you. The centaur barely misses you.
The centaur hits you.
The centaur kicks you but does no damage.
You shoot an arrow. The arrow hits the centaur!
You kill the centaur!
You have got your breath back.
The manticore flicks its tail.
The volley of spikes hits you!!
The barbed spikes become lodged in your body.
4601 ||| INVOKING Spit Poison.
Aiming: Spit Poison (1% risk of failure)
Press: ? - help, Shift-Dir - straight line, f - manticore The splash of poison hits the manticore.
The manticore is poisoned.
The manticore is moderately wounded.
You shoot an arrow.
The arrow hits the manticore but does no damage.
The manticore is moderately wounded.
The manticore bites you! The manticore claws you.
The manticore barely misses you. The manticore bites you!
The manticore claws you but does no damage. x2
You shoot an arrow.
The arrow hits the manticore but does no damage.
The manticore is moderately wounded.
The manticore bites you!!
The manticore claws you but does no damage.
The manticore claws you.
4604 ||| READING scroll of teleportation.
As you read the scroll of teleportation, it crumbles to dust.
You feel strangely unstable.
You hear the hiss of a very distant avalanche of sand.
You carefully extract the barbed spikes from your body.
The manticore bites you! The manticore claws you. The manticore claws you!
You die...

###.#..#####.#.##.#
...........#.#.##.#
######.##.##.#.##.#
.......##.##.#. #.#
####.####.##.#. #.#
#.......#.#H #.#
####.####..#.#. #.#
.....# #..# #.##.#
#..###..# #.H@.#
#.......# ######
####...###.#
..##...# #.#
#.##...# #.#
#.##..<# #.#
..##..## #.#
####..# #.#
......####.#


You could see a manticore (poisoned).

Vanquished Creatures
  An ice beast (D:6)
  An ogre (D:5)
  A centaur (D:7)
  A kobold brigand (D:6)
  3 bullfrogs
  6 scorpions
  5 wights (D:6)
  4 killer bees (D:7)
  3 jellies
  A hound (D:5)
  2 sleepcaps
  4 iguanas
  An orc wizard (D:3)
  Natasha (thrice) (D:2)
  A gnoll (D:1)
  3 adders
  2 white imps
  4 worms
  5 dart slugs
  8 orcs
  8 ball pythons
  5 bats
  5 endoplasms
  4 giant cockroaches
  2 goblins
  7 hobgoblins
  14 kobolds
  11 quokkas
  A frilled lizard (D:1)
  9 rats
125 creatures vanquished.

Notes
Turn   | Place    | Note
-------+----------+-------------------------------------------
     0 | D:1      | qw the Naga Hunter began the quest for the Orb.
     0 | D:1      | Reached XP level 1. HP: 19/19 MP: 1/1
     0 | D:1      | 0 ||| qw: Version: 0.3-a-5-g6f28e65
     0 | D:1      | 0 ||| qw: Game counter: 474
     0 | D:1      | 0 ||| qw: Always use a shield: true
     0 | D:1      | 0 ||| qw: God list: Okawaru
     0 | D:1      | 0 ||| qw: Allow faded altars: false
     0 | D:1      | 0 ||| qw: Do Orc after D:15 true
     0 | D:1      | 0 ||| qw: Do second Lair branch before Depths: true
     0 | D:1      | 0 ||| qw: Lair rune preference: random
     0 | D:1      | 0 ||| qw: Plans: Normal
     0 | D:1      | 0 ||| PLANNING D:1-11
     9 | D:1      | 9 ||| INVOKING Spit Poison.
    13 | D:1      | 13 ||| INVOKING Spit Poison.
    63 | D:1      | 63 ||| INVOKING Spit Poison.
    75 | D:1      | 75 ||| INVOKING Spit Poison.
    76 | D:1      | Reached skill level 4 in Ranged Weapons
    76 | D:1      | Reached XP level 2. HP: 26/26 MP: 2/2
    87 | D:1      | 87 ||| INVOKING Spit Poison.
   115 | D:1      | 115 ||| INVOKING Spit Poison.
   142 | D:1      | 142 ||| INVOKING Spit Poison.
   147 | D:1      | 147 ||| INVOKING Spit Poison.
   169 | D:1      | 169 ||| Stepping ~*~*~tactically~*~*~ (outnumbered).
   170 | D:1      | 170 ||| INVOKING Spit Poison.
   176 | D:1      | 176 ||| INVOKING Spit Poison.
   187 | D:1      | 187 ||| INVOKING Spit Poison.
   218 | D:1      | 218 ||| INVOKING Spit Poison.
   232 | D:1      | Reached XP level 3. HP: 32/32 MP: 3/3
   344 | D:1      | 344 ||| INVOKING Spit Poison.
   405 | D:1      | 405 ||| INVOKING Spit Poison.
   426 | D:1      | 426 ||| INVOKING Spit Poison.
   464 | D:1      | 464 ||| UPGRADING to amulet of guardian spirit.
   469 | D:1      | 469 ||| INVOKING Spit Poison.
   606 | D:1      | 606 ||| READING scroll labelled YRCHATS GAJOGE.
   607 | D:1      | 607 ||| READING scroll labelled SUOBIU XUOMOKH.
   608 | D:1      | 608 ||| READING scroll labelled UWUTRE KUFU.
   609 | D:1      | 609 ||| DROPPING scroll of butterflies.
   631 | D:2      | 631 ||| INVOKING Spit Poison.
   640 | D:2      | 640 ||| INVOKING Spit Poison.
   657 | D:2      | 657 ||| INVOKING Spit Poison.
   690 | D:2      | 690 ||| INVOKING Spit Poison.
   696 | D:2      | Noticed Natasha
   698 | D:2      | 698 ||| INVOKING Spit Poison.
   702 | D:2      | 702 ||| INVOKING Spit Poison.
   703 | D:2      | Killed Natasha
   704 | D:2      | Reached skill level 5 in Ranged Weapons
   704 | D:2      | Reached XP level 4. HP: 22/39 MP: 1/4
   783 | D:2      | 783 ||| INVOKING Spit Poison.
   816 | D:2      | 816 ||| INVOKING Spit Poison.
   847 | D:2      | 847 ||| INVOKING Spit Poison.
   851 | D:2      | 851 ||| INVOKING Spit Poison.
   857 | D:2      | 857 ||| INVOKING Spit Poison.
   896 | D:2      | 896 ||| INVOKING Spit Poison.
   898 | D:2      | Noticed Natasha
   901 | D:2      | 901 ||| INVOKING Spit Poison.
   901 | D:2      | Killed Natasha
   902 | D:2      | Reached XP level 5. HP: 48/48 MP: 5/5
   980 | D:2      | Noticed Natasha
   981 | D:2      | 981 ||| INVOKING Spit Poison.
   988 | D:2      | 988 ||| INVOKING Spit Poison.
   988 | D:2      | Killed Natasha
   989 | D:2      | Reached skill level 3 in Fighting
  1098 | D:2      | 1098 ||| READING scroll labelled QYZ LONNANOTEM.
  1099 | D:2      | 1099 ||| READING scroll labelled FOXKIZ ADAED.
  1100 | D:2      | 1100 ||| READING 2 scrolls labelled METAONN JAXO.
  1101 | D:2      | 1101 ||| READING 2 scrolls of identify.
  1101 | D:2      | 1101 ||| IDENTIFYING ruby potion
  1102 | D:2      | 1102 ||| DROPPING scroll of fear.
  1125 | D:3      | 1125 ||| INVOKING Spit Poison.
  1179 | D:3      | 1179 ||| INVOKING Spit Poison.
  1188 | D:3      | 1188 ||| INVOKING Spit Poison.
  1220 | D:3      | 1220 ||| INVOKING Spit Poison.
  1271 | D:3      | Found a sacrificial altar of Ru.
  1272 | D:3      | 1272 ||| INVOKING Spit Poison.
  1279 | D:3      | 1279 ||| INVOKING Spit Poison.
  1307 | D:3      | 1307 ||| INVOKING Spit Poison.
  1314 | D:3      | 1314 ||| INVOKING Spit Poison.
  1388 | D:3      | 1388 ||| INVOKING Spit Poison.
  1415 | D:3      | 1415 ||| INVOKING Spit Poison.
  1418 | D:3      | Reached skill level 6 in Ranged Weapons
  1418 | D:3      | Reached XP level 6. HP: 56/56 MP: 6/6
  1518 | D:3      | Found a faded altar of an unknown god.
  1542 | D:3      | 1542 ||| INVOKING Spit Poison.
  1563 | D:3      | 1563 ||| INVOKING Spit Poison.
  1564 | D:3      | 1564 ||| INVOKING Spit Poison.
  1612 | D:3      | 1612 ||| INVOKING Spit Poison.
  1733 | D:3      | 1733 ||| UPGRADING to +0 pair of gloves.
  1738 | D:3      | 1738 ||| READING scroll labelled QUNGOTETUG.
  1763 | D:4      | 1763 ||| PLANNING SEWER
  1797 | D:4      | 1797 ||| INVOKING Spit Poison.
  1802 | D:4      | 1802 ||| INVOKING Spit Poison.
  1830 | D:4      | 1830 ||| INVOKING Spit Poison.
  1838 | D:4      | 1838 ||| INVOKING Spit Poison.
  1856 | D:4      | 1856 ||| INVOKING Spit Poison.
  1858 | D:4      | Reached XP level 7. HP: 64/64 MP: 7/7
  1916 | D:4      | Found a basalt altar of Yredelemnul.
  1965 | D:4      | 1965 ||| INVOKING Spit Poison.
  1985 | D:4      | Found a white marble altar of Elyvilon.
  2045 | D:4      | 2045 ||| INVOKING Spit Poison.
  2063 | D:4      | 2063 ||| INVOKING Spit Poison.
  2101 | D:4      | Found a blossoming altar of Fedhas.
  2103 | D:4      | 2103 ||| INVOKING Spit Poison.
  2107 | D:4      | Found an ancient bone altar of Kikubaaqudgha.
  2144 | D:4      | Found a runed translucent door.
  2147 | D:4      | Noticed qw's ghost (amateur NaHu)
  2220 | D:4      | 2220 ||| INVOKING Spit Poison.
  2229 | D:4      | 2229 ||| INVOKING Spit Poison.
  2233 | D:4      | 2233 ||| INVOKING Spit Poison.
  2234 | D:4      | Reached skill level 7 in Ranged Weapons
  2237 | D:4      | 2237 ||| INVOKING Spit Poison.
  2290 | D:4      | 2290 ||| RIP SEWER
  2342 | D:4      | 2342 ||| PLANNING D:1-11
  2345 | D:4      | 2345 ||| INVOKING Spit Poison.
  2351 | D:4      | 2351 ||| INVOKING Spit Poison.
  2359 | D:4      | 2359 ||| INVOKING Spit Poison.
  2363 | D:4      | 2363 ||| INVOKING Spit Poison.
  2574 | D:4      | 2574 ||| UPGRADING to ring of protection from cold.
  2575 | D:4      | 2575 ||| READING scroll labelled ATUEMU VIEFATY.
  2576 | D:4      | 2576 ||| READING scroll labelled ZEOLUMO YF CYIS.
  2619 | D:4      | 2619 ||| READING 6 scrolls of identify.
  2619 | D:4      | 2619 ||| IDENTIFYING viscous golden potion
  2636 | D:5      | Entered Level 5 of the Dungeon
  2679 | D:5      | 2679 ||| INVOKING Spit Poison.
  2682 | D:5      | 2682 ||| INVOKING Spit Poison.
  2774 | D:5      | 2774 ||| INVOKING Spit Poison.
  2776 | D:5      | 2776 ||| Stepping ~*~*~tactically~*~*~ (outnumbered).
  2777 | D:5      | 2777 ||| INVOKING Spit Poison.
  2781 | D:5      | 2781 ||| INVOKING Spit Poison.
  2785 | D:5      | 2785 ||| INVOKING Spit Poison.
  2820 | D:5      | 2820 ||| INVOKING Spit Poison.
  2824 | D:5      | 2824 ||| INVOKING Spit Poison.
  2827 | D:5      | HP: 11/64 [iguana (6)]
  2828 | D:5      | 2828 ||| DRINKING potion of heal wounds.
  2829 | D:5      | 2829 ||| INVOKING Spit Poison.
  2834 | D:5      | 2834 ||| INVOKING Spit Poison.
  2835 | D:5      | HP: 9/64 [iguana (4)]
  2835 | D:5      | HP: 1/64 [iguana (8)]
  2837 | D:5      | 2837 ||| INVOKING Spit Poison.
  3175 | D:5      | Found a staircase to the Ecumenical Temple.
  3176 | D:5      | 3176 ||| PLANNING TEMPLE
  3176 | D:5      | 3176 ||| UPGRADING to +0 robe of willpower.
  3186 | D:5      | 3186 ||| READING 6 scrolls of identify.
  3186 | D:5      | 3186 ||| IDENTIFYING fuming golden potion
  3187 | D:5      | 3187 ||| DROPPING potion of degeneration.
  3196 | Temple   | Entered the Ecumenical Temple
  3224 | Temple   | 3224 ||| PLANNING D:1-11
  3406 | D:5      | 3406 ||| READING 5 scrolls of identify.
  3406 | D:5      | 3406 ||| IDENTIFYING dark potion
  3407 | D:5      | 3407 ||| DROPPING potion of lignification.
  3470 | D:6      | 3470 ||| INVOKING Spit Poison.
  3473 | D:6      | 3473 ||| INVOKING Spit Poison.
  3475 | D:6      | Reached skill level 8 in Ranged Weapons
  3475 | D:6      | Reached XP level 8. HP: 62/72 MP: 6/8
  3720 | D:6      | 3720 ||| INVOKING Spit Poison.
  4089 | D:6      | Found a glowing golden altar of the Shining One.
  4120 | D:6      | 4120 ||| INVOKING Spit Poison.
  4123 | D:6      | 4123 ||| INVOKING Spit Poison.
  4159 | D:6      | 4159 ||| INVOKING Spit Poison.
  4160 | D:6      | 4160 ||| INVOKING Spit Poison.
  4168 | D:6      | 4168 ||| INVOKING Spit Poison.
  4171 | D:6      | Reached skill level 9 in Ranged Weapons
  4171 | D:6      | 4171 ||| INVOKING Spit Poison.
  4173 | D:6      | 4173 ||| INVOKING Spit Poison.
  4176 | D:6      | 4176 ||| INVOKING Spit Poison.
  4178 | D:6      | 4178 ||| INVOKING Spit Poison.
  4247 | D:6      | 4247 ||| INVOKING Spit Poison.
  4310 | D:6      | 4310 ||| UPGRADING to +2 hat.
  4315 | D:6      | 4315 ||| READING scroll labelled FEJANEBRUN.
  4316 | D:6      | 4316 ||| READING scroll labelled FOAKETYTIDGH.
  4335 | D:7      | 4335 ||| PLANNING OSSUARY
  4414 | D:7      | 4414 ||| INVOKING Spit Poison.
  4426 | D:7      | 4426 ||| INVOKING Spit Poison.
  4431 | D:7      | 4431 ||| INVOKING Spit Poison.
  4484 | D:7      | 4484 ||| INVOKING Spit Poison.
  4490 | D:7      | 4490 ||| INVOKING Spit Poison.
  4493 | D:7      | Reached skill level 6 in Fighting
  4495 | D:7      | 4495 ||| INVOKING Spit Poison.
  4497 | D:7      | Reached XP level 9. HP: 81/82 MP: 9/9
  4498 | D:7      | Reached skill level 3 in Dodging
  4498 | D:7      | 4498 ||| INVOKING Spit Poison.
  4501 | D:7      | 4501 ||| INVOKING Spit Poison.
  4587 | D:7      | Noticed a manticore
  4588 | D:7      | 4588 ||| Stepping ~*~*~tactically~*~*~ (outnumbered).
  4590 | D:7      | 4590 ||| Stepping ~*~*~tactically~*~*~ (outnumbered).
  4592 | D:7      | 4592 ||| Stepping ~*~*~tactically~*~*~ (outnumbered).
  4594 | D:7      | 4594 ||| Stepping ~*~*~tactically~*~*~ (outnumbered).
  4595 | D:7      | 4595 ||| INVOKING Spit Poison.
  4601 | D:7      | 4601 ||| INVOKING Spit Poison.
  4603 | D:7      | HP: 18/82 [manticore (18)]
  4604 | D:7      | 4604 ||| READING scroll of teleportation.
  4604 | D:7      | HP: 8/82 [manticore (10)]
  4604 | D:7      | Slain by a manticore

Levels and vault maps discovered:
D:1:      dpeg_arrival_simpleton_b, layout_rooms, hangedman_glass_teeth,
          minmay_misc_feat_diagonals
D:2:      layout_rooms, uniq_natasha
D:3:      layout_rooms, nicolae_ru_great_annihilating_truth,
          ebering_ecumenical_altar_petrified, minmay_ruptured
D:4:      layout_loops_ring, grunt_temple_overflow_growth_and_decay,
          kennysheep_ying_yang, gup_sewer_entry_pipe, ebering_ghost_sewer_d
D:5:      layout_rooms, minmay_temple_entry_antechambers
D:6:      layout_loops_corners, mainiacjoe_overflow_catwalk
D:7:      layout_basic, chequers_temple_overflow_statue_of_worship,
          lightli_ossuary_entry_decrepit_ruins
Temple:   corrupted_temple

Skill      XL: |  1  2  3  4  5  6  7  8  9 |
---------------+----------------------------+-----
Ranged Weapons | 4 5 6 8 9 |  9.3
Fighting       | 3 4 6 |  6.1
Dodging        | 2 3 |  3.1
Stealth        | |  1.5

Action                     |  1- 3 |  4- 6 |  7- 9 || total
---------------------------+-------+-------+-------++-------
   Fire: Shortbow          |    55 |    62 |   140 ||   257
Ability: Spit Poison       |    22 |    27 |    45 ||    94
    Use: Scroll            |     3 |     5 |     8 ||    16
         Potion            |       |       |     1 ||     1
 Armour: Leather armour    |     1 |     2 |    15 ||    18
         Robe              |       |       |    28 ||    28
  Dodge: Dodged            |     4 |    10 |    74 ||    88

Table legend:
 A = Non-vault XP
 B = Vault XP
 C = Vault XP percentage of total XP
 D = Non-vault monster count
 E = Vault monster count
 F = Vault count percentage of total count
                 A         B        C        D         E       F
            +---------+---------+-------+---------+---------+-------
      Total |    2520 |     108 |   4.1 |     111 |      14 |  11.2
            +---------+---------+-------+---------+---------+-------
        D:1 |      56 |       0 |   0.0 |      27 |       0 |   0.0
        D:2 |     120 |      35 |  22.6 |      15 |       1 |   6.2
        D:3 |      96 |      61 |  38.9 |       9 |       7 |  43.8
        D:4 |     364 |      12 |   3.2 |      22 |       6 |  21.4
        D:5 |     429 |       0 |   0.0 |      11 |       0 |   0.0
        D:6 |     887 |       0 |   0.0 |      19 |       0 |   0.0
        D:7 |     568 |       0 |   0.0 |       8 |       0 |   0.0
            +---------+---------+-------+---------+---------+-------
